DSL
DSL JACKSONVILLE BOMBERS @ DSL CHICAGO (A) WHITE SOX
04/29/2042
 
TOP OF THE 1ST
DSL Jacksonville Bombers batting - Pitching for DSL Chicago (A) White Sox : LHP Pete Woods
Pitching: LHP Pete Woods
Batting: LHB Freddy Abreu 0-0: Swinging Strike
0-1: Foul Ball, location: 7LSF
0-2: Strikes out looking
Batting: SHB Tomás Rosário 0-0: Ball
1-0: Foul Ball, location: 2F
1-1: Ball
2-1: Foul Ball, location: 2F
2-2: Foul Ball, location: 9LMF
2-2: Ball
3-2: Strikes out looking
Batting: RHB José Valentín 0-0: Foul Ball, location: 3SF
0-1: Swinging Strike
0-2: Foul Ball, location: 5F
0-2: Fly out, F8 (Flyball, 8RD, EV 95.6 MPH)
Top of the 1st over - 0 runs, 0 hits, 0 errors, 0 left on base; DSL Jacksonville 0 - DSL Chicago (A) 0
BOTTOM OF THE 1ST
DSL Chicago (A) White Sox batting - Pitching for DSL Jacksonville Bombers : RHP Luis Rondón
Pitching: RHP Luis Rondón
Batting: RHB Juan López 0-0: Ground out 6-3 (Groundball, 6, EV 86.9 MPH)
Batting: LHB José Morán 0-0: Called Strike
0-1: Swinging Strike
0-2: Strikes out looking
Batting: RHB Alain Verdier 0-0: DOUBLE (Line Drive, 89D, EV 106.9 MPH)
Batting: RHB Pat Manley 0-0: Ball
1-0: Called Strike
1-1: Ball
2-1: Foul Ball, location: 2F
2-2: Ball
3-2: Foul Ball, location: 25F
3-2: Fly out, F4 (Popup, 34S, EV 74.4 MPH)
Bottom of the 1st over - 0 runs, 1 hit, 0 errors, 1 left on base; DSL Jacksonville 0 - DSL Chicago (A) 0
TOP OF THE 2ND
DSL Jacksonville Bombers batting - Pitching for DSL Chicago (A) White Sox : LHP Pete Woods
Batting: RHB José Castillo 0-0: Called Strike
0-1: Swinging Strike
0-2: Foul Ball, location: 5F
0-2: Ball
1-2: Ball
2-2: Foul Ball, location: 3F
2-2: Strikes out swinging
Batting: LHB Mario Medina 0-0: Ball
1-0: Ball
2-0: Called Strike
2-1: Foul Ball, location: 2F
2-2: Ball
3-2: Foul Ball, location: 7LDF
3-2: Fly out, F7 (Line Drive, 7, EV 103.1 MPH)
Batting: SHB José Murillo 0-0: Ball
1-0: Called Strike
1-1: Swinging Strike
1-2: Strikes out swinging
Top of the 2nd over - 0 runs, 0 hits, 0 errors, 0 left on base; DSL Jacksonville 0 - DSL Chicago (A) 0
BOTTOM OF THE 2ND
DSL Chicago (A) White Sox batting - Pitching for DSL Jacksonville Bombers : RHP Luis Rondón
Batting: LHB Jesús Meza 0-0: SINGLE (Line Drive, 9LS, EV 91.9 MPH)
Batting: RHB Artie Russell 0-0: Ball
1-0: Ball
2-0: Ball
3-0: Called Strike
3-1: 2-RUN HOME RUN (Flyball, 9LD, EV 91.3 MPH), Distance : 343 ft
Pitching: RHP Juan Martínez
Batting: SHB Don Pierce 0-0: Swinging Strike
0-1: Ball
1-1: Ball
2-1: Fly out, F8 (Flyball, 8RD, EV 101.9 MPH)
Batting: RHB Enrico Martínez 0-0: Ball
1-0: Ball
2-0: Called Strike
2-1: Ball
3-1: Swinging Strike
3-2: Base on Balls
Batting: RHB Greg Gill 0-0: Ball
Enrico Martínez steals 2nd base
1-0: Ball
2-0: DOUBLE (Line Drive, 89D, EV 105.0 MPH)
Enrico Martínez scores
Batting: RHB Juan López 0-0: Foul Ball, location: 25FF
0-1: Ground out 4-3 (Groundball, 4, EV 101.9 MPH)
Greg Gill to third
Batting: LHB José Morán 0-0: Called Strike
0-1: Ball
1-1: Foul Ball, location: 5F
1-2: Foul Ball, location: 2F
1-2: Ball
2-2: Foul Ball, location: 5FF
2-2: Foul Ball, location: 7LSF
2-2: Ball
3-2: Fly out, F9 (Flyball, 9D, EV 101.3 MPH)
Bottom of the 2nd over - 3 runs, 3 hits, 0 errors, 1 left on base; DSL Jacksonville 0 - DSL Chicago (A) 3
TOP OF THE 3RD
DSL Jacksonville Bombers batting - Pitching for DSL Chicago (A) White Sox : LHP Pete Woods
Batting: RHB Jesús Valenzuela 0-0: Ground out 5-3 (Groundball, 56S, EV 83.1 MPH)
Batting: RHB Bernardo Muñóz 0-0: Ball
1-0: Called Strike
1-1: Foul Ball, location: 9LMF
1-2: Ball
2-2: Strikes out swinging
Batting: RHB Jim Unknown 0-0: Swinging Strike
0-1: Swinging Strike
0-2: Ball
1-2: Foul Ball, location: 2F
1-2: Strikes out swinging
Top of the 3rd over - 0 runs, 0 hits, 0 errors, 0 left on base; DSL Jacksonville 0 - DSL Chicago (A) 3
BOTTOM OF THE 3RD
DSL Chicago (A) White Sox batting - Pitching for DSL Jacksonville Bombers : RHP Juan Martínez
Batting: RHB Alain Verdier 0-0: Fly out, F6 (Popup, 6M, EV 72.5 MPH)
Batting: RHB Pat Manley 0-0: Ball
1-0: Ball
2-0: Foul Ball, location: 2F
2-1: Swinging Strike
2-2: Ball
3-2: Foul Ball, location: 2F
3-2: SINGLE (Line Drive, 56D, EV 97.5 MPH)
Batting: LHB Jesús Meza 0-0: Called Strike
0-1: Ball
Pat Manley is caught stealing 2nd base 2-6
1-1: Foul Ball, location: 2RF
1-2: Strikes out looking
Bottom of the 3rd over - 0 runs, 1 hit, 0 errors, 0 left on base; DSL Jacksonville 0 - DSL Chicago (A) 3
TOP OF THE 4TH
DSL Jacksonville Bombers batting - Pitching for DSL Chicago (A) White Sox : LHP Pete Woods
Batting: LHB Freddy Abreu 0-0: Ball
1-0: Ball
2-0: Foul Ball, location: 2F
2-1: Ball
3-1: Called Strike
3-2: Strikes out looking
Batting: SHB Tomás Rosário 0-0: Called Strike
0-1: Ball
1-1: Fly out, F7 (Flyball, 7LM, EV 76.3 MPH)
Batting: RHB José Valentín 0-0: Called Strike
0-1: Swinging Strike
0-2: Strikes out swinging
Top of the 4th over - 0 runs, 0 hits, 0 errors, 0 left on base; DSL Jacksonville 0 - DSL Chicago (A) 3
BOTTOM OF THE 4TH
DSL Chicago (A) White Sox batting - Pitching for DSL Jacksonville Bombers : RHP Juan Martínez
Batting: RHB Artie Russell 0-0: Called Strike
0-1: DOUBLE (Line Drive, 89D, EV 106.9 MPH)
Batting: SHB Don Pierce 0-0: Ball
1-0: Called Strike
1-1: Ball
2-1: Called Strike
2-2: Ball
3-2: DOUBLE (Line Drive, 9LM, EV 109.4 MPH)
Artie Russell scores
Batting: RHB Enrico Martínez 0-0: Called Strike
0-1: Ball
1-1: Ball
2-1: Ball
3-1: Base on Balls
Batting: RHB Greg Gill 0-0: Bunted foul
0-1: Sac Bunt to 5S - play at first, batter OUT! 5-4
Don Pierce to third
Enrico Martínez to second
Batting: RHB Juan López 0-0: Ground out 3-1 (Groundball, 34, EV 103.8 MPH)
Batting: LHB José Morán 0-0: Ground out 6-3 (Groundball, 6M, EV 98.1 MPH)
Bottom of the 4th over - 1 run, 2 hits, 0 errors, 2 left on base; DSL Jacksonville 0 - DSL Chicago (A) 4
TOP OF THE 5TH
DSL Jacksonville Bombers batting - Pitching for DSL Chicago (A) White Sox : LHP Pete Woods
Batting: RHB José Castillo 0-0: Swinging Strike
0-1: Swinging Strike
0-2: Foul Ball, location: 2F
0-2: Fly out, F9 (Flyball, 9, EV 86.3 MPH)
Batting: LHB Mario Medina 0-0: Swinging Strike
0-1: Swinging Strike
0-2: Strikes out swinging
Batting: SHB José Murillo 0-0: Called Strike
0-1: Ball
1-1: Foul Ball, location: 5DF
1-2: Ball
2-2: Strikes out swinging
Top of the 5th over - 0 runs, 0 hits, 0 errors, 0 left on base; DSL Jacksonville 0 - DSL Chicago (A) 4
BOTTOM OF THE 5TH
DSL Chicago (A) White Sox batting - Pitching for DSL Jacksonville Bombers : RHP Juan Martínez
Batting: RHB Alain Verdier 0-0: Ball
1-0: Called Strike
1-1: Called Strike
1-2: Strikes out swinging
Batting: RHB Pat Manley 0-0: Ball
1-0: SOLO HOME RUN (Flyball, 9D, EV 100.0 MPH), Distance : 381 ft
Batting: LHB Jesús Meza 0-0: Foul Ball, location: 3SF
0-1: Ball
1-1: Called Strike
1-2: Strikes out looking
Batting: RHB Artie Russell 0-0: Ball
1-0: Ball
2-0: Ball
3-0: Called Strike
3-1: Base on Balls
Batting: SHB Don Pierce 0-0: Ball
1-0: Ball
2-0: Ball
3-0: Base on Balls
Artie Russell to second
Pitching: RHP Robinson Moreno
Batting: RHB Enrico Martínez 0-0: Foul Ball, location: 2F
0-1: Swinging Strike
0-2: Strikes out swinging
Bottom of the 5th over - 1 run, 1 hit, 0 errors, 2 left on base; DSL Jacksonville 0 - DSL Chicago (A) 5
TOP OF THE 6TH
DSL Jacksonville Bombers batting - Pitching for DSL Chicago (A) White Sox : LHP Pete Woods
Batting: RHB Jesús Valenzuela 0-0: Swinging Strike
0-1: Ball
1-1: Ball
2-1: Ball
3-1: Base on Balls
Batting: RHB Bernardo Muñóz 0-0: Foul Ball, location: 2F
0-1: Ball
1-1: Foul Ball, location: 9LMF
1-2: Strikes out swinging
Batting: RHB Jim Unknown 0-0: Foul Ball, location: 2F
0-1: Foul Ball, location: 5FF
0-2: Foul Ball, location: 5FF
0-2: Ball
1-2: Foul Ball, location: 23F
1-2: Ball
2-2: SINGLE (Line Drive, 6D, EV 96.3 MPH)
Jesús Valenzuela to second
Batting: LHB Freddy Abreu 0-0: Ball
1-0: Ball
Jesús Valenzuela is caught stealing 3rd base 2-5
2-0: Ball
Wild Pitch!
Jim Unknown to second
3-0: Base on Balls
Batting: SHB Tomás Rosário 0-0: Ball
1-0: Called Strike
1-1: Called Strike
1-2: SINGLE (Flyball, 89M, EV 91.3 MPH)
Jim Unknown to third
Freddy Abreu to second
Runner from 3rd tries for Home, SAFE, throw by CF to home
Batting: RHB José Valentín 0-0: Ball
1-0: Swinging Strike
1-1: Fielders Choice at 2nd, 6-4 (Groundball, 6, EV 109.4 MPH)
Top of the 6th over - 1 run, 2 hits, 0 errors, 2 left on base; DSL Jacksonville 1 - DSL Chicago (A) 5
BOTTOM OF THE 6TH
DSL Chicago (A) White Sox batting - Pitching for DSL Jacksonville Bombers : RHP Robinson Moreno
Batting: RHB Greg Gill 0-0: Ball
1-0: Called Strike
1-1: Ground out 5-3 (Groundball, 56, EV 90.6 MPH)
Batting: RHB Juan López 0-0: Ball
1-0: Ball
2-0: Ball
3-0: Base on Balls
Batting: LHB José Morán 0-0: Ball
1-0: Swinging Strike
1-1: Swinging Strike
1-2: Foul Ball, location: 25F
1-2: DOUBLE (Flyball, 89D, EV 89.4 MPH)
Juan López to third
Runner from 3rd tries for Home, SAFE, no throw by CF
Batting: RHB Alain Verdier 0-0: Called Strike
0-1: Ball
1-1: Foul Ball, location: 5F
1-2: Strikes out swinging
Batting: RHB Pat Manley 0-0: Called Strike
0-1: Ball
1-1: Ground out 1-3 (Groundball, 34S, EV 68.1 MPH)
Bottom of the 6th over - 1 run, 1 hit, 0 errors, 1 left on base; DSL Jacksonville 1 - DSL Chicago (A) 6
TOP OF THE 7TH
DSL Jacksonville Bombers batting - Pitching for DSL Chicago (A) White Sox : LHP Pete Woods
Batting: RHB José Castillo 0-0: Called Strike
0-1: Ball
1-1: Swinging Strike
1-2: Strikes out swinging
Batting: LHB Mario Medina 0-0: Foul Ball, location: 2F
0-1: Called Strike
0-2: SINGLE (Line Drive, 78M, EV 101.3 MPH)
Batting: SHB José Murillo 0-0: Ball
1-0: Foul Ball, location: 2F
1-1: Called Strike
1-2: Strikes out swinging
Batting: RHB Jesús Valenzuela 0-0: Foul Ball, location: 3SF
0-1: Foul Ball, location: 7LMFF
0-2: Foul Ball, location: 3FF
0-2: Ball
1-2: Strikes out swinging
Top of the 7th over - 0 runs, 1 hit, 0 errors, 1 left on base; DSL Jacksonville 1 - DSL Chicago (A) 6
BOTTOM OF THE 7TH
DSL Chicago (A) White Sox batting - Pitching for DSL Jacksonville Bombers : RHP Robinson Moreno
Batting: LHB Jesús Meza 0-0: Ball
1-0: Ball
2-0: Ball
3-0: Called Strike
3-1: Base on Balls
Batting: RHB Artie Russell 0-0: Called Strike
0-1: Ball
1-1: Grounds into double play, 5-4-3 (Groundball, 56, EV 101.3 MPH)
Batting: SHB Don Pierce 0-0: Called Strike
0-1: Foul Ball, location: 7LDF
0-2: Strikes out looking
Bottom of the 7th over - 0 runs, 0 hits, 0 errors, 0 left on base; DSL Jacksonville 1 - DSL Chicago (A) 6
TOP OF THE 8TH
DSL Jacksonville Bombers batting - Pitching for DSL Chicago (A) White Sox : LHP Pete Woods
Pitching: RHP Bret Mackley
Batting: RHB Norberto Morales 0-0: Ball
1-0: Ball
2-0: Called Strike
2-1: Swinging Strike
2-2: Ball
3-2: Foul Ball, location: 23F
3-2: Foul Ball, location: 9LMF
3-2: Strikes out looking
Batting: RHB Jim Unknown 0-0: Called Strike
0-1: Ball
1-1: Ball
2-1: Foul Ball, location: 2F
2-2: Fly out, F8 (Flyball, 8RD, EV 108.1 MPH)
Batting: LHB Freddy Abreu 0-0: Ball
1-0: Called Strike
1-1: Swinging Strike
1-2: Strikes out swinging
Top of the 8th over - 0 runs, 0 hits, 0 errors, 0 left on base; DSL Jacksonville 1 - DSL Chicago (A) 6
BOTTOM OF THE 8TH
DSL Chicago (A) White Sox batting - Pitching for DSL Jacksonville Bombers : RHP Robinson Moreno
Batting: RHB Enrico Martínez 0-0: Ball
1-0: Ball
2-0: Ball
3-0: Called Strike
3-1: SINGLE (Line Drive, 4D, EV 94.4 MPH)
Batting: RHB Greg Gill 0-0: Called Strike
Enrico Martínez is caught stealing 2nd base 2-4
0-1: Called Strike
0-2: Ball
1-2: DOUBLE (Line Drive, 9LM, EV 105.0 MPH) - OUT at third base trying to stretch hit.
Batting: RHB Juan López 0-0: Ground out 5-3 (Groundball, 56, EV 91.3 MPH)
Bottom of the 8th over - 0 runs, 2 hits, 0 errors, 0 left on base; DSL Jacksonville 1 - DSL Chicago (A) 6
TOP OF THE 9TH
DSL Jacksonville Bombers batting - Pitching for DSL Chicago (A) White Sox : RHP Bret Mackley
Batting: SHB Tomás Rosário 0-0: Foul Ball, location: 2F
0-1: Foul Ball, location: 3F
0-2: Ground out 4-3 (Groundball, 4, EV 76.9 MPH)
Pinch Hitting: RHB Jim Unknown 0-0: Ball
1-0: Called Strike
1-1: Called Strike
1-2: Strikes out swinging
Pinch Hitting: LHB Jim Unknown 0-0: Called Strike
0-1: Ground out 6-3 (Groundball, 6M, EV 103.8 MPH)
Top of the 9th over - 0 runs, 0 hits, 0 errors, 0 left on base; DSL Jacksonville 1 - DSL Chicago (A) 6
Wednesday, May 1st , 2024 - OOTP Baseball 24.10 Build 82